 Dungeon Crawl Stone Soup version 0.29.1-12-g30fa7ad0bf (webtiles) character file.

Game seed: 10838869603257665126

302894 concernfroge the Tortoise (level 20, -6/156 HPs)
             Began as a Mummy Monk on Dec 21, 2022.
             Was a Priest of Ashenzari.
             Killed by divine providence
             ... invoked by a sphinx
              (14 damage)
             ... on level 4 of the Vaults on Dec 23, 2022.
             The game lasted 04:20:30 (59436 turns).

concernfroge the Tortoise (Mummy Monk)             Turns: 59436, Time: 04:20:32

Health: -6/156     AC: 31    Str: 27    XL:     20   Next: 22%
Magic:  32/32      EV: 12    Int: 14    God:    Ashenzari [***...]
Gold:   1328       SH: 23    Dex: 20    Spells: 15/35 levels left

rFire   . . .      SeeInvis +   a - +12 scimitar of Vengeance {vamp, rC+}
rCold   + + .      Faith    .   k - +0 tower shield of the Mantic God {Bglg, Range} (curse)
rNeg    + + +      Spirit   .   Z - +6 plate armour of a bazaar {Slay+5}
rPois   ∞          Reflect  +   Y - +1 helmet of the Sidereal Oracle {rElec, Range, Cun} (curse)
rElec   +          Harm     .   j - scarf of the Wild Blue Yonder {repulsion, Fort, Evo} (curse)
rCorr   +          Rampage  .   p - +2 pair of gloves {Dex+3}
Will    ++...      Clarity  +   B - +0 pair of boots "Chagrin of Ashenzari" {Evo, Range} (curse)
Stlth   ..........              O - amulet of reflection
HPRegen 0.36/turn               N - ring of Ashenzari's Vision {Str+6, Melee, Cun} (curse)
MPRegen 0.23/turn               G - ring of Getioboo {rF+ rCorr Int+3 Dex+2 Slay+2}

@: marked, studying Stealth, repel missiles
A: cold resistance 1, negative energy resistance 3, torment resistance 2, heat
vulnerability 1, in touch with death 2, no potions
}: 2/15 runes: barnacled, gossamer
a: Renounce Religion, Shatter the Chains


You were on level 4 of the Vaults.
You worshipped Ashenzari.
Ashenzari was most pleased with you.
You visited 8 branches of the dungeon, and saw 37 of its levels.
You also visited: Bailey and Ice Cave.

You collected 5648 gold pieces.
You spent 4320 gold pieces at shops.

Inventory:

Hand Weapons
 a - the +12 scimitar of Vengeance (weapon) {vamp, rC+}
   (You bought it in a shop on level 2 of the Orcish Mines)

   It occasionally heals its wielder for a portion of the damage dealt when it
   wounds a living foe.
   rC:        It protects you from cold.
 b - a +0 scimitar of flaming
Missiles
 e - 177 stones
 g - 10 poisoned darts (quivered)
 o - 16 silver javelins
 v - 9 datura-tipped darts
 y - 3 curare-tipped darts
 z - 20 boomerangs
 J - 8 throwing nets
 M - 7 silver boomerangs
Armour
 j - the cursed scarf of the Wild Blue Yonder (worn) {repulsion, Fort, Evo}
   (You found it on level 2 of the Dungeon)

   It has a curse which improves the following skills: Fortitude: Armour and
   Shields.
   Evocations: Evocations.
 k - the cursed +0 tower shield of the Mantic God (worn) {Bglg, Range}
   (You took it off Louise on level 2 of the Shoals)

   It has a curse which improves the following skills: Beguiling: Conjurations,
   Hexes and Translocations.
   Ranged Combat: Ranged Weapons and Throwing.
 p - a +2 pair of gloves of dexterity (worn)
 B - the cursed +0 pair of boots "Chagrin of Ashenzari" (worn) {Evo, Range}
   (You found it on level 11 of the Dungeon)

   It has a curse which improves the following skills: Evocations: Evocations.
   Ranged Combat: Ranged Weapons and Throwing.
 C - a +2 pair of boots
 Y - the cursed +1 helmet of the Sidereal Oracle (worn) {rElec, Range, Cun}
   (You found it on level 4 of the Shoals)

   rElec:     It insulates you from electricity.
   It has a curse which improves the following skills: Ranged Combat: Ranged
   Weapons and Throwing.
   Cunning:   Dodging and Stealth.
 Z - the +6 plate armour of a bazaar (worn) {Slay+5}
   (You found it on level 1 of the Vaults)

   Slay:      It affects your accuracy & damage with ranged weapons and melee
   (+5).
Jewellery
 l - a ring of flight
 n - a +6 ring of strength
 G - the ring of Getioboo (right hand) {rF+ rCorr Int+3 Dex+2 Slay+2}
   (You acquired it on level 1 of the Shoals)

   [ring of protection from fire]

   Int:       It affects your intelligence (+3).
   Dex:       It affects your dexterity (+2).
   Slay:      It affects your accuracy & damage with ranged weapons and melee
   (+2).
   rF:        It protects you from fire.
   rCorr:     It protects you from acid and corrosion.
 N - the cursed ring of Ashenzari's Vision (left hand) {Str+6, Melee, Cun}
   (You found it on level 11 of the Dungeon)

   [ring of strength]

   Str:       It affects your strength (+6).
   It has a curse which improves the following skills: Melee Combat: Short
   Blades, Long Blades, Axes, Maces & Flails, Polearms, Staves and Unarmed
   Combat.
   Cunning:   Dodging and Stealth.
 O - an amulet of reflection (around neck)
 P - a ring of protection from cold
 W - a ring of willpower
Wands
 d - a wand of digging (31)
 h - a wand of paralysis (1)
 m - a wand of flame (37)
 I - a wand of iceblast (7)
Scrolls
 c - 3 scrolls of teleportation
 i - 3 scrolls of vulnerability
 q - a scroll of poison
 r - 2 scrolls of immolation
 u - 4 scrolls of magic mapping
 x - 6 scrolls of butterflies
 E - 3 scrolls of enchant weapon
 F - 3 scrolls of fear
 H - 2 scrolls of noise
 K - 2 scrolls of enchant armour
 L - 2 scrolls of silence
 R - a scroll of brand weapon
 T - a scroll of torment
 U - 3 scrolls of amnesia
Miscellaneous
 f - a box of beasts (inert)
 w - a tin of tremorstones (inert)


   Skills:
 + Level 13.3 Fighting
 - Level 12.0(13.5) Long Blades
 - Level 2.4(3.7) Polearms
 - Level 13.6(16.7) Throwing
 - Level 15.0(16.5) Armour
 + Level 8.7(11.2) Dodging
 - Level 1.5(3.2) Stealth
 - Level 9.5(11.1) Shields
 + Level 8.0 Spellcasting
 - Level 8.7(10.3) Conjurations
 - Level 7.6(9.2) Hexes
 + Level 1.3(2.4) Translocations
 - Level 8.0 Air Magic
 - Level 9.5(12.0) Evocations


You had 15 spell levels left.
You knew the following spells:

 Your Spells              Type           Power      Damage    Failure   Level
a - Dazzling Flash        Conj/Hex       66%        N/A       22%         3
b - Tukima's Dance        Hex            31%        N/A       28%         3
c - Slow                  Hex            100%       N/A       10%         1
d - Confusing Touch       Hex            31%        N/A       28%         3
e - Swiftness             Air            28%        N/A       43%         3
f - Borgnjor's Vile Clut  Necr/Erth      6%         N/A       100%        5
g - Blink                 Tloc           24%        N/A       94%         2

Your spell library contained the following spells:

 Spells                   Type           Power      Damage    Failure   Level
 Magic Dart               Conj           100%       1d8       6%          1
 Searing Ray              Conj           68%        2d6       9%          2
 Shock                    Conj/Air       100%       1d9       10%         1
 Fulminant Prism          Conj/Hex       16%        3d11      58%         4
 Ensorcelled Hibernation  Hex/Ice        36%        N/A       67%         2
 Mephitic Cloud           Conj/Pois/Air  22%        N/A       71%         3
 Portal Projectile        Hex/Tloc       42%        N/A       75%         3
 Airstrike                Air            14%        2d(2-18)  83%         4
 Iskenderun's Battlesphe  Conj           34%        2d9       86%         5
 Iskenderun's Mystic Bla  Conj/Tloc      23%        2d6       97%         4
 Silence                  Hex/Air        14%        N/A       98%         5
 Necrotise                Necr           48%        1d6       99%         1
 Summon Small Mammal      Summ           20%        N/A       99%         1
 Call Imp                 Summ           5%         N/A       99%         2
 Passwall                 Tmut/Erth      4%         N/A       99%         2
 Hailstorm                Conj/Ice       20%        3d6       99%         4
 Leda's Liquefaction      Hex/Erth       9%         N/A       99%         4
 Call Canine Familiar     Summ           5%         N/A       100%        3
 Ignite Poison            Fire/Tmut/Pois 5%         N/A       100%        3
 Ozocubu's Armour         Ice            5%         N/A       100%        3
 Vampiric Draining        Necr           12%        2d6       100%        3
 Animate Dead             Necr           12%        N/A       100%        4
 Summon Ice Beast         Ice/Summ       5%         N/A       100%        4
 Agony                    Necr           12%        N/A       100%        5
 Fireball                 Conj/Fire      10%        3d6       100%        5
 Freezing Cloud           Conj/Ice/Air   11%        6-21      100%        5
 Lee's Rapid Deconstruct  Erth           2%         3d6*      100%        5
 Metabolic Englaciation   Hex/Ice        9%         N/A       100%        5
 Summon Forest            Summ/Tloc      4%         N/A       100%        5
 Summon Mana Viper        Hex/Summ       18%        N/A       100%        5
 Death Channel            Necr           6%         N/A       100%        6
 Iron Shot                Conj/Erth      10%        9d3       100%        6
 Simulacrum               Ice/Necr       6%         N/A       100%        6
 Starburst                Conj/Fire      10%        6d5       100%        6
 Summon Cactus Giant      Summ           2%         N/A       100%        6
 Haunt                    Necr/Summ      6%         N/A       100%        7
 Monstrous Menagerie      Summ           2%         N/A       100%        7
 Spellforged Servitor     Conj/Summ      10%        N/A       100%        7
 Ignition                 Fire           2%         3d3       100%        8
 Ice Form                 Ice/Tmut       Unusable   N/A       N/A         4
 Blade Hands              Tmut           Unusable   N/A       N/A         5

Dungeon Overview and Level Annotations

Branches:
Dungeon (15/15)            Temple (1/1) D:4            Lair (5/5) D:10
 Shoals (4/4) Lair:2       Spider (4/4) Lair:3        Slime (0/5) Lair:5
    Orc (2/2) D:11            Elf (2/3) Orc:2        Vaults (4/5) D:14
  Crypt (0/3) Vaults:2     Depths (0/4) D:15         Bailey (visited)
  IceCv (visited)

Altars:
Ashenzari
Cheibriados
Dithmenos
Fedhas
Gozag
Hepliaklqana
Kikubaaqudgha
Makhleb
Nemelex Xobeh
Okawaru
Qazlal
Ru
Sif Muna
Trog
Uskayaw
Vehumet
Wu Jian
Xom
Yredelemnul

Shops:
D:6 :=**   D:7 :   Orc:2 (![(:   Shoals:1 *   Shoals:3 [   Vaults:3 (

Annotations:
D:4 2 runed translucent doors
D:7 2 transporters
D:9 Harold
Lair:1 1 runed translucent door, Purph's ghost, journeyman MiBe
Lair:5 1 runed translucent door
Shoals:2 Roxanne
Elf:1 1 runed translucent door
Vaults:3 Mennas; Xtahua
Vaults:4 Boris


Innate Abilities, Weirdness & Mutations

You are immune to poison.
Your flesh is cold resistant. (rC+)
You are immune to negative energy. (rN+++)
You are immune to unholy pain and torment.
You are vulnerable to heat. (rF-)
You are strongly in touch with the powers of death.
You do not drink.


Message History

You aren't carrying any armour which can be enchanted further.
Unknown command.
An entropy weaver comes into view.
Your surroundings suddenly seem different.
Found a stone staircase leading down.
You start resting.
You sense a monster nearby.
You start resting.
Something unseen opens the door.
As you read the scroll of teleportation, it crumbles to dust.
You feel strangely unstable.
Okay, then.
Okay, then.
Aiming: Mindburst
Press: ? - help, Shift-Dir - straight line, f - ironbound convoker
Aim: an ironbound convoker, wielding a +0 morningstar and wearing a +0 ring mail (chance to affect: 83%)
The ironbound convoker's mind is blasted!!!
The now-empty wand crumbles to dust.
Aiming: Iceblast
Press: ? - help, Shift-Dir - straight line, f/p - ironbound convoker
Aim: an ironbound convoker, wielding a +0 morningstar and wearing a +0 ring mail (almost dead)
The mass of ice explodes!
The iceblast engulfs the ironbound convoker!!
You kill the ironbound convoker!
Your surroundings suddenly seem different.
A sphinx, 2 yaktaur captains, 2 humans, an ironbound thunderhulk and a phantasmal warrior come into view.
You hear a shout!
The yaktaur captain wields a +0 arbalest.
The yaktaur captain shoots a bolt.
You reflect the bolt off an invisible shield around you!
The bolt hits the yaktaur captain!!
The vault warden activates a sealing rune.
The doors slam shut!
As you read the scroll of summoning, it crumbles to dust.
Wisps of shadow whirl around you... The phantasmal warrior gestures at you.
The phantasmal warrior blinks!
The sphinx casts a spell.
Something smites you!
You die...

,, , , , , ,, ,
, , , ,, ,, , ,
, * * * ** * + *
* * , ## * #.. *
, #..# #.... , ,
#....###.§.... ,
, , #....@...W.#
, ###...Y...##
,, , * #H.GY...#
,* Oppc...Y..##.
,
c...###.......,
* #..## ##.....
* *### ##..# * *
*#####+#########
,, , ,
..............


You could see an ironbound preserver, a sphinx, a vault warden, an ironbound
thunderhulk, 2 yaktaur captains, a phantasmal warrior, 3 friendly dire elephants
and a friendly great orb of eyes (summoned).

Vanquished Creatures
  Rupert (D:12)
  Asterion (Elf:1)
  A deep elf blademaster (Elf:2)
  Polyphemus (Shoals:2)
  3 krakens (Shoals:4)
  A sphinx (shapeshifter) (Elf:2)
  Agnes (Spider:1)
  3 sphinxes
  Ilsuiw (Shoals:2)
  An orc warlord (Orc:2)
  10 emperor scorpions
  9 vault wardens
  A deep elf sorcerer (Elf:1)
  Louise (Shoals:2)
  A deep elf elementalist (Elf:1)
  3 ironbound preservers
  Aizul (Elf:1)
  6 ghost moths
  9 very ugly things
  A juggernaut skeleton (D:15)
  A vampire knight (Vaults:1)
  2 broodmothers
  5 entropy weavers
  2 minotaurs
  A deep elf annihilator (Elf:1)
  Snorg (D:12)
  4 dire elephants (Vaults:1)
  An eidolon (Vaults:2)
  A spark wasp (Spider:3)
  A merfolk javelineer (Shoals:4)
  2 deep elf death magi
  3 merfolk impalers
  Josephine (D:11)
  A deep elf high priest (Elf:1)
  A yaktaur captain (Vaults:1)
  8 great orbs of eyes
  A rakshasa (D:15)
  4 radroaches
  3 vault guards
  6 boulder beetles
  2 hydras (D:15)
  A caustic shrike simulacrum (IceCv)
  3 merfolk avatars
  A quicksilver dragon skeleton (D:15)
  13 centaur warriors
  A jorogumo (Spider:1)
  An alligator (Lair:5)
  A catoblepas (Shoals:2)
  An alligator snapping turtle (Shoals:4)
  6 ironbound frosthearts
  An anaconda (Lair:5)
  6 two-headed ogres
  An anaconda (shapeshifter) (Elf:2)
  A death knight (D:15)
  21 dancing weapons
  2 merfolk aquamancers
  4 satyrs (Shoals:4)
  12 death yaks
  An orc high priest (Orc:2)
  10 deep elf knights
  6 pharaoh ants
  A skeletal warrior (D:15)
  Amaemon (D:8)
  11 sea snakes
  11 deep trolls
  9 steelbarb worms
  A flayed ghost (D:15)
  3 wizards
  The ghost of fantasyman the Cleaver, a novice MiFi of Zin (D:6)
  10 orb spiders
  27 harpies
  2 orange crystal statues (IceCv)
  5 lindwurms
  8 deep elf archers
  Pikel (D:8)
  16 deep elf pyromancers
  8 ironbound convokers
  4 orc knights
  A necromancer (D:15)
  An oklob plant (Orc:2)
  19 deep elf zephyrmancers
  21 ugly things
  26 wolf spiders
  A cyclops (D:14)
  10 fauns
  2 orc sorcerers (Orc:2)
  19 manticores
  A tengu skeleton (D:15)
  12 elephants (Lair:4)
  11 merfolk sirens
  4 black mambas
  7 water nymphs
  2 ice statues (Elf:1)
  5 vault sentinels
  6 torpor snails
  7 cane toads
  A gargoyle (D:11)
  2 rime drakes
  An orange demon (D:8)
  10 komodo dragons
  14 demonic crawlers
  6 freezing wraiths
  2 anaconda simulacra (IceCv)
  2 kobold demonologists
  A tengu conjurer (D:14)
  18 yaktaurs
  A guardian mummy (D:15)
  5 golden dragon simulacra (IceCv)
  5 trolls
  2 tyrant leeches (Lair:5)
  Prince Ribbit (D:9)
  36 merfolk
  A meliai (shapeshifter) (D:15)
  4 hornets
  Grinder (D:4)
  10 blink frogs
  12 polar bears
  3 wind drakes
  24 tarantellas
  2 raiju (Lair:5)
  10 snapping turtles
  24 slime creatures
  A dream sheep (shapeshifter) (D:15)
  A spriggan zombie (D:15)
  20 culicivoras
  A jumping spider (shapeshifter) (D:13)
  15 water elementals
  8 wraiths
  22 jumping spiders
  4 air elementals
  3 wyverns
  A yak (shapeshifter) (Elf:2)
  9 yaks
  2 fire elementals (Elf:2)
  2 basilisks
  65 redbacks
  A steam dragon (D:8)
  Grum (D:8)
  An acid dragon (D:9)
  4 wargs (Lair:5)
  15 hell hounds (Lair:5)
  13 water moccasins
  19 orc warriors
  15 black bears
  An ettin simulacrum (IceCv)
  2 ice beasts
  4 sky beasts
  6 ogres
  4 alligator simulacra (IceCv)
  12 centaurs
  3 lemures (D:8)
  19 wolves
  2 kobold brigands
  10 bullfrogs
  3 necrophages
  5 scorpions
  A gnoll sergeant (D:9)
  2 earth elementals (Elf:2)
  7 wights
  45 killer bees
  5 lindwurm simulacra (IceCv)
  3 howler monkeys
  4 electric eels
  2 centaur zombies (D:9)
  2 hounds
  6 jellies
  17 orc priests
  A gnoll bouda (D:4)
  3 iguanas
  29 orc wizards
  2 hell rats (D:10)
  A killer bee zombie (D:9)
  A howler monkey zombie (D:9)
  18 gnolls
  8 adders
  2 white imps
  2 ufetubi (D:5)
  5 dart slugs
  89 orcs
  7 ball pythons
  7 endoplasms
  5 giant cockroaches
  4 goblins
  8 hobgoblins
  2 jackals (D:1)
  16 kobolds
  7 quokkas
  4 bats
  2 frilled lizards (D:2)
  6 rats
  11 tentacles (Shoals:4)
1300 creatures vanquished.

Vanquished Creatures (collateral kills)
  Jorgrun (D:12)
  Frances (D:12)
  A tengu reaver (Vaults:1)
  A very ugly thing (Vaults:3)
  An ironbound preserver (Vaults:1)
  A great orb of eyes (Vaults:2)
  An ogre mage (D:15)
  Erica (D:11)
  A two-headed ogre (D:15)
  A radroach (Spider:2)
  2 dancing weapons (Elf:2)
  2 orb spiders
  3 deep trolls (Vaults:1)
  2 deep elf pyromancers (Elf:1)
  2 deep elf zephyrmancers
  A wolf spider (Spider:3)
  A lindwurm (Lair:5)
  An orc sorcerer (Orc:2)
  10 elephants (Lair:4)
  2 torpor snails (Lair:5)
  A vault sentinel (Vaults:3)
  A yaktaur (Vaults:3)
  A komodo dragon (Lair:1)
  A tarantella (Spider:3)
  3 hornets (Lair:5)
  2 blink frogs (Lair:1)
  A tyrant leech (Lair:5)
  2 culicivoras (Spider:2)
  2 redbacks
  2 wargs
  3 orc warriors
  A black bear (Lair:1)
  An ogre (D:15)
  A gnoll sergeant (D:9)
  2 killer bees (D:9)
  2 orc priests (Orc:2)
  3 orc wizards (Orc:2)
  5 gnolls (D:9)
  6 orcs
76 creatures vanquished.

Vanquished Creatures (others)
  A ghost moth (Spider:4)
  An ironbound frostheart (Vaults:3)
  A deep elf knight (Elf:2)
  An orb spider (Spider:3)
  A deep troll (Vaults:2)
  A deep elf pyromancer (D:12)
  A deep elf zephyrmancer (Elf:2)
  2 yaktaurs (Vaults:1)
  2 hornets (Lair:5)
  A warg (Orc:2)
  3 orcs
  37 fungi
  108 plants
  53 tentacles (Shoals:4)
  3 withered plants (D:9)
216 creatures vanquished.

Grand Total: 1592 creatures vanquished

Notes
Turn   | Place    | Note
-------+----------+-------------------------------------------
     0 | D:1      | concernfroge the Mummy Monk began the quest for the Orb.
     0 | D:1      | Reached XP level 1. HP: 18/18 MP: 1/1
   229 | D:1      | Reached XP level 2. HP: 19/24 MP: 2/2
   310 | D:1      | Found a faded altar of an unknown god.
  1142 | D:1      | Gained mutation: You are in touch with the powers of death.
                  | [Mummy growth]
  1142 | D:1      | Reached XP level 3. HP: 30/30 MP: 3/3
  2054 | D:2      | Reached skill level 5 in Fighting
  2054 | D:2      | Reached XP level 4. HP: 39/39 MP: 4/4
  2663 | D:4      | Noticed a scorpion
  2832 | D:3      | Reached XP level 5. HP: 29/46 MP: 5/5
  3260 | D:4      | Noticed a black bear
  3266 | D:3      | Killed a black bear
  3404 | D:4      | Found a large runed translucent door.
  3404 | D:4      | Found a large runed translucent door.
  3433 | D:4      | Noticed an ice beast
  3468 | D:3      | Reached XP level 6. HP: 22/53 MP: 6/6
  3687 | D:5      | Entered Level 5 of the Dungeon
  3851 | D:5      | Noticed a water moccasin
  3899 | D:5      | Killed a water moccasin
  4205 | D:5      | Reached XP level 7. HP: 40/62 MP: 7/7
  5334 | D:4      | Found a large runed translucent door.
  5334 | D:4      | Found a large runed translucent door.
  5555 | D:4      | Identified the +7 great sword "Ymu Nio" {protect, rElec
                  | Int+7}
  5672 | D:4      | Found a staircase to the Ecumenical Temple.
  5682 | Temple   | Entered the Ecumenical Temple
  5890 | Temple   | Became a worshipper of Ashenzari the Shackled
  5961 | D:4      | Reached XP level 8. HP: 70/72 MP: 8/8
  5991 | D:4      | Noticed Grinder
  5994 | D:4      | Paralysed by Grinder for 3 turns
  6004 | D:4      | Killed Grinder
  6005 | D:4      | Reached skill level 10 in Fighting
  6351 | D:5      | Identified the +6 hand axe of the Usurping Gods {antimagic,
                  | Will+}
  6778 | D:6      | Found Duejaics's Elemental Accessories.
  6786 | D:6      | Bought a wand of iceblast (4) for 105 gold pieces
  6888 | D:6      | Found Saju's Jewellery Shop.
  6888 | D:6      | Identified the +4 ring mail of Filth {Rampage}
  6968 | D:6      | Found Ityi's Assorted Antiques.
  6995 | D:6      | Bought a scroll of teleportation for 102 gold pieces
  7004 | D:6      | Found a transporter.
  7029 | D:6      | Found Geus's Book Boutique.
  7240 | D:6      | Noticed fantasyman's ghost (novice MiFi)
  7266 | D:6      | Found a transporter.
  7380 | D:7      | Reached skill level 5 in Long Blades
  7640 | D:7      | Reached XP level 9. HP: 67/78 MP: 9/9
  7738 | D:7      | Found a transporter.
  8012 | D:7      | Found Nahuclef's Book Shop.
  8019 | D:7      | Found a transporter.
  8353 | D:8      | Found a radiant altar of Vehumet.
  8354 | D:8      | Noticed Grum
  8358 | D:8      | Killed Grum
  8441 | D:8      | Noticed Amaemon
  8627 | D:8      | Identified the ring "Cyjomi" {Wiz *Slow Fly rElec rCorr}
  8634 | D:8      | Reached * piety under Ashenzari
  8714 | D:8      | Noticed Pikel
  8724 | D:8      | Killed Pikel
  8755 | D:8      | Reached XP level 10. HP: 81/85 MP: 10/10
  8792 | D:8      | Identified the +9 war axe "Naweut" {venom, Will++ rCorr
                  | Str+4 Int-2}
  9491 | D:8      | Reached skill level 10 in Long Blades
  9699 | D:8      | Noticed an orange demon
  9709 | D:9      | Noticed Prince Ribbit
  9721 | D:9      | Killed Prince Ribbit
  9919 | D:9      | Found a flagged portal.
  9981 | Bailey   | Entered a bailey
 10051 | Bailey   | Identified a scroll of acquirement
 10051 | Bailey   | Noticed an orc knight
 10053 | Bailey   | Killed an orc knight
 10865 | D:9      | Noticed Harold
 11290 | D:9      | Acquired 386 gold pieces
 11293 | D:10     | Entered Level 10 of the Dungeon
 11320 | D:10     | Reached ** piety under Ashenzari
 11322 | D:10     | Identified the +0 robe of Inintul {Stlth+}
 11338 | D:10     | Reached XP level 11. HP: 93/93 MP: 11/11
 11402 | D:10     | Noticed a death yak
 11442 | D:10     | Killed a death yak
 11449 | D:10     | Reached skill level 1 in Throwing
 11449 | D:10     | Reached skill level 1 in Armour
 11449 | D:10     | Reached skill level 1 in Evocations
 11763 | D:10     | Noticed a death yak
 11765 | D:10     | Noticed a death yak
 11782 | D:10     | Killed a death yak
 11863 | D:10     | Reached skill level 2 in Armour
 11900 | D:10     | Killed a death yak
 12022 | D:10     | Found a staircase to the Lair.
 12231 | D:10     | Noticed a two-headed ogre
 12238 | D:10     | Killed a two-headed ogre
 12239 | D:10     | Reached skill level 3 in Armour
 12261 | D:10     | Identified the +9 halberd of Death's Door {freeze, rCorr
                  | Str+4 Int+4}
 12323 | D:10     | Found an opulent altar of Gozag.
 12324 | D:10     | Found an ornate altar of the Wu Jian Council.
 12804 | D:8      | Killed Amaemon
 13015 | D:4      | Learned a level 3 spell: Dazzling Flash
 13397 | D:6      | Killed fantasyman's ghost
 13542 | D:6      | Bought an amulet of the acrobat for 360 gold pieces
 13708 | D:11     | Noticed Josephine
 13716 | D:10     | Reached skill level 1 in Spellcasting
 13769 | D:11     | Reached skill level 1 in Conjurations
 13769 | D:11     | Reached skill level 1 in Hexes
 14138 | Lair:1   | Entered Level 1 of the Lair of Beasts
 14292 | Lair:1   | Reached XP level 12. HP: 80/100 MP: 16/16
 14298 | Lair:1   | Reached skill level 4 in Armour
 14512 | Lair:1   | Found a runed translucent door.
 14514 | Lair:1   | Found a shimmering altar of Xom.
 14514 | Lair:1   | Noticed Purph's ghost (journeyman MiBe)
 14569 | Lair:1   | Reached *** piety under Ashenzari
 16093 | Lair:2   | Reached **** piety under Ashenzari
 16231 | Lair:2   | Found a staircase to the Shoals.
 16779 | Lair:3   | Found a hole to the Spider Nest.
 16895 | Lair:3   | Noticed a boulder beetle
 16958 | Lair:3   | Reached skill level 5 in Spellcasting
 16961 | Lair:3   | Killed a boulder beetle
 17152 | Lair:3   | Noticed a death yak
 17153 | Lair:3   | Noticed a death yak
 17155 | Lair:3   | Noticed a death yak
 17160 | Lair:3   | Noticed a death yak
 17162 | Lair:3   | Noticed a death yak
 17162 | Lair:3   | Noticed a death yak
 17181 | Lair:3   | Killed a death yak
 17183 | Lair:3   | Killed a death yak
 17184 | Lair:3   | Reached skill level 5 in Conjurations
 17184 | Lair:3   | Killed a death yak
 17185 | Lair:3   | Killed a death yak
 17186 | Lair:3   | Reached skill level 5 in Hexes
 17186 | Lair:3   | Killed a death yak
 17190 | Lair:3   | Killed a death yak
 17345 | Lair:3   | Reached ***** piety under Ashenzari
 17350 | Lair:3   | Learned a level 3 spell: Tukima's Dance
 17789 | Lair:4   | Gained mutation: You are strongly in touch with the powers
                  | of death. [Mummy growth]
 17789 | Lair:4   | Reached XP level 13. HP: 107/109 MP: 25/25
 18117 | Lair:4   | Reached skill level 5 in Throwing
 18129 | Lair:4   | Reached skill level 5 in Evocations
 18134 | Lair:4   | Reached skill level 5 in Dodging
 18791 | Lair:4   | Learned a level 1 spell: Slow
 18795 | Lair:4   | Learned a level 3 spell: Confusing Touch
 18844 | Lair:5   | Entered Level 5 of the Lair of Beasts
 19049 | Lair:5   | Found a runed translucent door.
 19050 | Lair:5   | Noticed a fire dragon
 19180 | Lair:5   | Identified the +9 sling of Integrity {vorpal, Int+4}
 19236 | Lair:5   | Found a staircase to the Slime Pits.
 20029 | Lair:5   | Reached skill level 1 in Shields
 20423 | Lair:5   | Reached XP level 14. HP: 120/120 MP: 22/26
 21888 | D:11     | Killed Josephine
 22322 | D:11     | Noticed Erica
 22330 | D:11     | Killed Erica
 22333 | D:11     | Found a staircase to the Orcish Mines.
 22675 | D:12     | Noticed Jorgrun
 22690 | D:12     | Killed Jorgrun
 22892 | D:12     | Noticed Snorg
 22900 | D:12     | Killed Frances
 22914 | D:12     | Killed Snorg
 23176 | D:12     | Noticed Rupert
 23193 | D:12     | Killed Rupert
 23500 | Orc:1    | Entered Level 1 of the Orcish Mines
 23608 | Orc:2    | Entered Level 2 of the Orcish Mines
 23661 | Orc:2    | Found a staircase to the Elven Halls.
 23869 | Orc:2    | Found Nauditul's Antique Weapon Shoppe.
 23869 | Orc:2    | Noticed an orc warlord
 23871 | Orc:2    | Found Gimiyzor's Antique Armour Emporium.
 24175 | Orc:2    | Found Wunlead's Book Boutique.
 24183 | Orc:2    | Bought a book of Air for 308 gold pieces
 24387 | Orc:2    | Found Nitit's Distillery.
 24496 | Orc:2    | Reached skill level 1 in Air Magic
 24746 | Orc:1    | Learned a level 3 spell: Swiftness
 25196 | Orc:2    | Killed an orc warlord
 25743 | Orc:2    | Found Zonirph's Weapon Shoppe.
 26071 | Orc:2    | Bought an ichor-stained plate armour for 756 gold pieces
 26071 | Orc:2    | Identified the +6 plate armour of Eternal Night {Dex+3}
                  | (You bought it in a shop on level 2 of the Orcish Mines)
 26083 | Orc:2    | Bought a scorched scimitar for 333 gold pieces
 26083 | Orc:2    | Identified the +12 scimitar of Vengeance {vamp, rC+} (You
                  | bought it in a shop on level 2 of the Orcish Mines)
 26380 | D:13     | Reached skill level 5 in Armour
 26380 | D:13     | Reached skill level 5 in Shields
 27370 | D:14     | Found a stormy altar of Qazlal.
 27563 | D:14     | Reached XP level 15. HP: 127/127 MP: 27/27
 27938 | D:14     | Reached skill level 6 in Armour
 27945 | D:14     | Found a gate to the Vaults.
 28361 | D:15     | Entered Level 15 of the Dungeon
 29249 | D:15     | Found a staircase to the Depths.
 30352 | Spider:1 | Entered Level 1 of the Spider Nest
 30554 | Spider:1 | Noticed an emperor scorpion
 30571 | Spider:1 | Killed an emperor scorpion
 30917 | Spider:1 | Noticed Agnes
 30924 | Spider:1 | Killed Agnes
 32019 | Spider:1 | Reached XP level 16. HP: 122/134 MP: 28/28
 33056 | Spider:2 | Identified the +8 war axe of Temperance {pain, rC+ Will+
                  | Str+3 Dex+4}
 33510 | Spider:2 | Identified the +6 short sword of the Shrinking Shark
                  | {freeze, Stlth+}
 34207 | Spider:2 | Reached skill level 7 in Armour
 36067 | Spider:3 | Reached skill level 8 in Armour
 37110 | Shoals:1 | Entered Level 1 of the Shoals
 37964 | Shoals:1 | Found Aotsuj's Alliterative Accessories.
 38530 | Shoals:2 | Noticed Ilsuiw
 38542 | Shoals:2 | Noticed Louise
 38551 | Shoals:2 | Killed Louise
 38552 | Shoals:2 | Reached XP level 17. HP: 85/140 MP: 22/31
 38832 | Shoals:2 | Killed Ilsuiw
 39094 | Shoals:2 | Reached skill level 10 in Throwing
 39257 | Shoals:2 | Noticed Roxanne
 39591 | Shoals:3 | Noticed Polyphemus
 39631 | Shoals:2 | Killed Polyphemus
 40250 | Shoals:3 | Found Toqedux's Antique Armour Boutique.
 40545 | Shoals:1 | Bought a scroll of acquirement for 780 gold pieces
 40545 | Shoals:1 | Acquired 1073 gold pieces
 40547 | Shoals:1 | Acquired the ring of Getioboo {rF+ rCorr Int+3 Dex+2
                  | Slay+2}
 40634 | Shoals:4 | Entered Level 4 of the Shoals
 40634 | Shoals:4 | Noticed a kraken
 40883 | Shoals:3 | Reached skill level 5 in Air Magic
 40991 | Shoals:4 | Killed a kraken
 40993 | Shoals:4 | Noticed a kraken
 41301 | Shoals:4 | Identified Sif Muna's Precepts of Mutagenic Conflagration
 41633 | Shoals:4 | Noticed a kraken
 41676 | Shoals:4 | Killed a kraken
 41705 | Shoals:4 | HP: 4/140 [minotaur/silver javelin (5)]
 42246 | Shoals:4 | Killed a kraken
 43007 | Shoals:4 | Identified the ring "Ycvonyru" {rPois Int+4}
 43115 | Shoals:4 | Reached XP level 18. HP: 147/147 MP: 32/32
 43141 | Shoals:4 | Got a barnacled rune of Zot
 43151 | Shoals:4 | Identified the +2 pair of boots "Urigour" {-Cast rPois
                  | Dex+4}
 43209 | Shoals:4 | Identified the +1 helmet "Webimauk" {rElec}
 43580 | Spider:4 | Entered Level 4 of the Spider Nest
 46648 | Spider:4 | Got a gossamer rune of Zot
 46960 | Shoals:1 | Bought a scroll of fear for 60 gold pieces
 46960 | Shoals:1 | Bought a manual of Armour for 1200 gold pieces
 47196 | Vaults:1 | Entered Level 1 of the Vaults
 47325 | Vaults:1 | Reached skill level 9 in Armour
 47922 | Vaults:1 | Reached skill level 10 in Armour
 48840 | Vaults:1 | Reached skill level 11 in Armour
 49083 | Vaults:1 | Identified the +6 plate armour of a bazaar {Slay+5}
 49640 | Vaults:1 | Reached skill level 12 in Armour
 50395 | Vaults:2 | Reached skill level 13 in Armour
 50486 | Vaults:2 | Reached XP level 19. HP: 146/146 MP: 28/30
 50996 | Vaults:2 | Reached skill level 14 in Armour
 51415 | Vaults:2 | Found a staircase to the Crypt.
 52099 | Vaults:2 | Paralysed by a sphinx for 3 turns
 52256 | Vaults:3 | Found Fetiumu's Weapon Emporium.
 52547 | Vaults:3 | Reached skill level 15 in Armour
 52667 | Vaults:3 | Noticed Mennas
 52681 | Vaults:3 | Acquired 851 gold pieces
 53086 | Shoals:3 | Bought a pair of embroidered gloves for 285 gold pieces
 53098 | Shoals:3 | Learned a level 5 spell: Borgnjor's Vile Clutch
 53338 | Elf:1    | Entered Level 1 of the Elven Halls
 53338 | Elf:1    | Identified the Spellbook of the Legion
 53338 | Elf:1    | Found a runed translucent gate.
 53338 | Elf:1    | Found a runed translucent gate.
 53338 | Elf:1    | Found a runed translucent gate.
 53338 | Elf:1    | Found a runed translucent gate.
 53338 | Elf:1    | Found a runed translucent gate.
 53338 | Elf:1    | Found a runed translucent gate.
 53340 | Elf:1    | Found a runed translucent door.
 53355 | Elf:1    | Found a runed translucent door.
 53398 | Elf:1    | Found a frozen archway.
 53420 | IceCv    | Entered an ice cave
 53423 | IceCv    | Identified the Tome of Supportive Displacement
 53558 | IceCv    | Learned a level 2 spell: Blink
 54522 | Elf:1    | Paralysed by an air elemental for 1 turns
 55117 | Elf:1    | Paralysed by an air elemental for 1 turns
 55160 | Elf:1    | Noticed Asterion
 55172 | Elf:1    | Killed Asterion
 55265 | Elf:1    | Noticed Aizul
 55285 | Elf:1    | Killed Aizul
 56036 | Elf:2    | Paralysed by an air elemental for 1 turns
 56040 | Elf:2    | Paralysed by an air elemental for 1 turns
 57171 | Elf:2    | Found a runed translucent gate.
 57173 | Elf:2    | Found a runed translucent gate.
 57173 | Elf:2    | Found a runed translucent gate.
 57287 | Elf:2    | Paralysed by an air elemental for 1 turns
 57843 | Elf:2    | Reached XP level 20. HP: 138/155 MP: 31/31
 58593 | Vaults:3 | Noticed Xtahua
 58600 | Vaults:3 | Bought 6 datura-tipped darts for 31 gold pieces
 59173 | Vaults:4 | Reached skill level 1 in Translocations
 59327 | Vaults:4 | Noticed Boris
 59416 | Vaults:4 | HP: 1/156 [orc warlord/+3 glaive of flaming (21)]
 59436 | Vaults:4 | Killed from afar by a sphinx

Illustrated notes

Levels and vault maps discovered:
D:1:      lemuel_arrival_cross, layout_basic, basic_ecumenical_altar
D:2:      layout_loops_ring
D:3:      layout_basic, grunt_decor_mini_mirrors,
          hangedman_abyss_or_decor_lesser_grid
D:4:      cheibrodos_helix_gallery, layout_basic, minmay_temple_entry_ruins,
          grunt_decor_one_mirror, grunt_ministairs_9,
          minmay_hollow_rounded_squares, uniq_grinder
D:5:      layout_basic, nicolae_overflow_crystal_walls,
          dreamdust_princess_bridge
D:6:      layout_rooms, serial_shops, nicolae_lakefront_shop,
          nicolae_shop_window_shopping, shop, gammafunk_ghost_hive,
          nicolae_elemental_shop
D:7:      gammafunk_cloud_chamber, layout_loops_ring, serial_shops, shop
D:8:      layout_cave_pods, mainiacjoe_overflow_paths, uniq_grum, uniq_amaemon,
          uniq_pikel
D:9:      minmay_the_grid_triangle_9x9_rhombus_full
          [minmay_the_grid_triangle_9x9_corruption,
          minmay_the_grid_triangle_9x9_warning,
          minmay_the_grid_triangle_9x9_wacky_v,
          minmay_the_grid_triangle_9x9_checkered,
          minmay_the_grid_triangle_9x9_longest,
          minmay_the_grid_triangle_9x9_sparse_checkered,
          minmay_the_grid_triangle_9x9_cache,
          minmay_the_grid_triangle_9x9_prize_top_heavy], layout_irregular_city,
          enter_bailey_8, serial_undead, serial_undead_b, serial_undead_e,
          serial_undead_c, serial_undead_d, uniq_prince_ribbit1, uniq_harold
D:10:     layout_roguey, mainiacjoe_overflow_divided_tiny, dpeg_lair_monsters,
          minmay_fractal_squares_gapless_5
D:11:     layout_rooms, orc_0_dummy, uniq_josephine, uniq_erica
D:12:     layout_loops_ring, kennysheep_generic_room_12, uniq_jorgrun,
          uniq_rupert, uniq_frances, uniq_snorg
D:13:     layout_gridville
D:14:     layout_cave_pods, david_vaults_5, nicolae_qazlal_style_of_elements,
          st_stairs_4
D:15:     gammafunk_depths_entry_grave, layout_basic, roderic_serpentine_path
Temple:   eino_narrow_crystal_temple
Lair:1:   layout_layer_cave, ebering_ghost_xom
Lair:2:   layout_cave_pods, minmay_shoals_entry_lonely_mermaid,
          beast_lair_carwin_5
Lair:3:   layout_cave_shapes, spider_nest_entry_web_field, serial_bayou_shore_b
Lair:4:   layout_long_grid
Lair:5:   hangedman_lair_caniforms_friends, layout_regular_city, wormcave,
          minmay_slime_entry_pillars, grunt_megastairs_4,
          infiniplex_staircase_pool_2
Shoals:1: layout_shoals, nicolae_alphabet_shops
Shoals:2: layout_shoals, nicolae_shoals_wave_tunnel, uniq_louise, uniq_ilsuiw,
          uniq_roxanne
Shoals:3: layout_shoals, serial_shops, shop, uniq_polyphemus
Shoals:4: shoals_end_hellmonk_lost_city
Spider:1: layout_spider_delve, worms_lemuel, uniq_agnes
Spider:2: layout_spider_delve
Spider:3: layout_spider_delve
Spider:4: grunt_spider_rune_circles
Orc:1:    layout_caves
Orc:2:    grunt_orc_community_town_hall, layout_caves,
          grunt_orc_community_big_house_1, grunt_orc_community_big_house_2,
          grunt_orc_community_house_2, grunt_orc_community_house_2,
          grunt_orc_community_house_2, grunt_orc_community_house_3,
          grunt_orc_community_house_2, serial_shops, shop, mines3_lemuel
Elf:1:    nicolae_elf_arrival_dilemma, layout_onion_city,
          portal_ice_cave_entry_ice_statue_two, kennysheep_underground_church,
          uniq_asterion, uniq_aizul
Elf:2:    nicolae_elf_blades_crystal_corner, layout_geoelf_octagon
Vaults:1: ontoclasm_vaults_ring_small, ontoclasm_vaults_echo, v_misc_23,
          vaults_mumra_chevron_long, vaults_mumra_minichess_inversion,
          grunt_vaults_hallway_short, nicolae_vaults_back_hallway,
          vaults_dpeg_encased_lava, ontoclasm_vaults_ring_square,
          ontoclasm_vaults_tryst, vaults_room_grunt_arrival_ludios,
          ontoclasm_vaults_bender, layout_vaults_maze_snakey
Vaults:2: v_misc_25, vaults_dpeg_ring, vaults_standard_mumra_x,
          vaults_room_large_hall, minmay_crypt_entry_simple_sparse,
          vaults_mumra_hex, v_misc_17, v_misc_22, v_misc_22,
          layout_vaults_big_room
Vaults:3: v_pattern_5, vaults_room_large_hall, nicolae_vaults_specimen_jars,
          ontoclasm_vaults_misaligned, ontoclasm_vaults_ring_large, v_misc_28,
          nicolae_vaults_little_squares_1, v_misc_22, ontoclasm_vaults_fault,
          layout_vaults_omnicross, serial_shops, shop, uniq_bai_suzhen,
          uniq_xtahua, uniq_mennas
Vaults:4: gammafunk_ghost_cemetery, ontoclasm_vaults_gateway, st_star,
          hangedman_vaults_river_flow, ontoclasm_vaults_ring_small,
          grunt_vaults_diagonal, v_pattern_1, ontoclasm_vaults_twist,
          layout_vaults_omnigrid, uniq_boris

Skill      XL: |  1  2  3  4  5  6  7  8  9 10 11 12 13 14 15 16 17 18 19 20 |
---------------+-------------------------------------------------------------+-----
Fighting       | 4 5 6 8 9 10 11 12 13 | 13.3
Long Blades    | 5 9 11 12 | 12.0
Throwing       | 3 4 5 7 9 12 13 | 13.6
Armour         | 3 4 5 6 8 13 15 | 15.0
Evocations     | 3 4 6 7 8 9 |  9.5
Dodging        | 3 4 5 7 8 |  8.7
Spellcasting   | 2 6 7 8 |  8.0
Conjurations   | 1 5 8 |  8.7
Hexes          | 1 5 7 |  7.6
Shields        | 2 5 6 8 9 |  9.5
Air Magic      | 2 7 8 |  8.0
Translocations | 1 |  1.3
Polearms       | |  2.4
Stealth        | |  1.5

Action                   |  1- 3 |  4- 6 |  7- 9 | 10-12 | 13-15 | 16-18 | 19-21 || total
-------------------------+-------+-------+-------+-------+-------+-------+-------++-------
Melee: Spear             |   160 |    33 |       |       |       |       |       ||   193
       Punch             |     3 |       |       |       |       |       |       ||     3
       Halberd           |       |   124 |    61 |       |       |       |       ||   185
       Great sword       |       |       |   166 |   466 |   637 |       |       ||  1269
       Scimitar          |       |       |       |       |   624 |  2137 |   776 ||  3537
Throw: Stone             |       |    12 |    64 |    15 |    67 |     6 |       ||   164
       Dart              |       |       |     5 |    63 |   121 |    75 |    56 ||   320
       Throwing net      |       |       |       |     1 |     1 |       |     1 ||     3
       Boomerang         |       |       |       |       |     6 |    85 |   113 ||   204
 Cast: Dazzling Flash    |       |       |       |     1 |   100 |    92 |     9 ||   202
       Slow              |       |       |       |       |   124 |   132 |     9 ||   265
       Confusing Touch   |       |       |       |       |    35 |    33 |     7 ||    75
       Swiftness         |       |       |       |       |     1 |     3 |       ||     4
Invok: Curse Item        |       |       |     2 |     6 |     3 |       |     2 ||    13
       Shatter the Chain |       |       |       |       |     2 |     4 |     2 ||     8
Evoke: Wand              |       |    18 |     4 |     1 |    17 |    39 |    10 ||    89
       Box of beasts     |       |       |       |     2 |     3 |     6 |     5 ||    16
       Tin of tremorston |       |       |       |       |       |     3 |     6 ||     9
  Use: Scroll            |       |     8 |     5 |    12 |     7 |    16 |    19 ||    67
 Stab: Sleeping          |     4 |       |       |    12 |     6 |       |       ||    22
       Distracted        |       |       |       |     5 |     2 |     2 |     2 ||    11
       Held in net/web   |       |       |       |     2 |     3 |       |       ||     5
       Invisible         |       |       |       |       |    66 |    49 |     2 ||   117
       Confused          |       |       |       |       |    21 |    41 |     3 ||    65
       Paralysed         |       |       |       |       |       |    18 |     2 ||    20
       Petrified         |       |       |       |       |       |     7 |       ||     7
Armor: Robe              |    13 |       |       |       |       |       |       ||    13
       Scale mail        |    26 |    11 |       |       |       |       |       ||    37
       Chain mail        |       |   128 |    90 |       |       |       |       ||   218
       Ring mail         |       |       |    71 |   190 |   264 |       |       ||   525
       Plate armour      |       |       |       |       |   314 |  1362 |   396 ||  2072
Dodge: Dodged            |    59 |   107 |   129 |   330 |  1282 |  1635 |   300 ||  3842
       Repelled          |       |       |     3 |     1 |     9 |    14 |    18 ||    45
Block: Kite shield       |       |       |       |       |   519 |  1753 |       ||  2272
       Tower shield      |       |       |       |       |       |   576 |   689 ||  1265
       Reflection        |       |       |       |       |       |       |    11 ||    11
